 Dungeon Crawl Stone Soup version 0.18-a0-1788-g92de1ac (webtiles) character file.

353 George the Shield-Bearer (level 6, -2/50 HPs)
             Began as a Formicid Fighter on Apr 20, 2016.
             Killed from afar by an orc wizard (7 damage)
             ... with a magic dart
             ... on level 4 of the Dungeon.
             The game lasted 00:08:13 (3976 turns).

George the Shield-Bearer (Formicid Fighter)         Turns: 3976, Time: 00:08:15

Health: -2/50      AC: 12    Str: 23    XL:     6   Next: 94%
Magic:  6/6        EV:  5    Int: 12    God:
Gold:   277        SH:  0    Dex: 10    Spells: 0 memorised, 5 levels left

rFire  . . .     SeeInvis +     a - +0 long sword
rCold  . . .     Gourm    .     n - +0 plate armour
rNeg   + . .     Faith    .     c - +0 shield
rPois  .         Spirit   .     (helmet unavailable)
rElec  .         Dismiss  .     (no cloak)
rCorr  .         Reflect  .     (no gloves)
SustAt .         Harm     .     (no boots)
MR     .....                    y - amulet of magic regeneration
Stlth  ..........               w - +5 ring of intelligence
                                z - ring of positive energy

@: confused, lethally poisoned (-2 -> -13), not resistant to hostile
enchantments, extremely unstealthy
A: permanent stasis, dig shafts and tunnels, four strong arms, antennae 3
a: Dig, Shaft Self


You were on level 4 of the Dungeon.
You were not hungry.

You visited 1 branch of the dungeon, and saw 4 of its levels.

You collected 277 gold pieces.

Inventory:

Hand Weapons
 a - a +0 long sword (weapon)
Armour
 c - a +0 shield (worn)
 n - a +0 plate armour (worn)
Jewellery
 w - a +5 ring of intelligence (right hand)
 y - an amulet of magic regeneration (around neck)
 z - a ring of positive energy (left hand)
Scrolls
 g - 3 scrolls of blinking {unknown}
 i - 2 scrolls of enchant weapon {unknown}
 j - a scroll of magic mapping {unknown}
 k - 7 scrolls of identify {unknown}
 l - a scroll of amnesia {unknown}
 q - a scroll of recharging {unknown}
 r - a scroll of noise {unknown}
 s - 2 scrolls of teleportation {unknown}
 t - 2 scrolls of fog {unknown}
Potions
 d - a potion of might
 h - 5 potions of curing
 m - a potion of mutation {unknown}
 p - 2 potions of degeneration {unknown}
 v - a potion of lignification {unknown}
 A - a potion of magic {unknown}
 B - a potion of heal wounds {unknown}
Comestibles
 f - 4 bread rations
 x - a beef jerky


   Skills:
 + Level 4.8 Fighting
 + Level 4.0 Long Blades
 + Level 4.8 Armour
 + Level 5.0 Shields


You had 5 spell levels left.
You didn't know any spells.

Dungeon Overview and Level Annotations

Branches:
Dungeon (4/15)
 Temple: D:4-7

Altars:
Makhleb
Xom
Zin
The Shining One

Annotations:
D:3 Mefis's ghost, amateur SpAs


Innate Abilities, Weirdness & Mutations

You are under a permanent stasis effect.
You can dig through walls and to a lower floor.
Your four strong arms can wield two-handed weapons with a shield.
You have a pair of large antennae on your head (SInv).


Message History

* * * LOW HITPOINT WARNING * * *
You feel sick. The orc wizard casts a spell at you.
You are more confused.
You're too confused to move!
You feel sick. The orc wizard completely misses you.
You slash the orc wizard!
The orc wizard is severely wounded.
The orc hits you.
* * * LOW HITPOINT WARNING * * *
The orc wizard hits you but does no damage.
You are lethally poisoned!
The orc barely misses you.
You miss the orc wizard.
The orc wizard is severely wounded.
* * * LOW HITPOINT WARNING * * *
You feel sick.
The orc wizard points at you and mumbles some strange words.
The magic dart hits you!
You die...

######
#....#
#..@.#
#.oo.#
#..).#
#....#
#....#
#....#
#....#
#.....
######


You could see an orc wizard (invisible) and an orc.

Vanquished Creatures
  A crimson imp (D:3)
  A hound (D:3)
  3 orc wizards
  Robin (D:3)
  7 adders
  A dart slug (D:1)
  A worm (D:3)
  6 giant geckos
  9 orcs
  11 bats
  2 giant cockroaches (D:2)
  19 goblins
  13 hobgoblins
  7 jackals
  3 kobolds
  2 quokkas (D:2)
  9 giant newts
  18 rats
114 creatures vanquished.

Notes
Turn   | Place    | Note
--------------------------------------------------------------
     0 | D:1      | George the Formicid Fighter began the quest for the Orb.
     0 | D:1      | Reached XP level 1. HP: 18/18 MP: 1/1
    41 | D:1      | Reached XP level 2. HP: 20/24 MP: 2/2
   170 | D:1      | Reached XP level 3. HP: 19/29 MP: 3/3
   859 | D:2      | Reached skill level 4 in Shields
  1096 | D:2      | Reached XP level 4. HP: 36/36 MP: 4/4
  1526 | D:2      | Found a glowing silver altar of Zin.
  1603 | D:3      | Noticed Mefis's ghost (amateur SpAs)
  1617 | D:2      | Reached XP level 5. HP: 35/42 MP: 5/5
  2307 | D:3      | Found a shimmering altar of Xom.
  2308 | D:3      | Found a burning altar of Makhleb.
  2984 | D:3      | Reached XP level 6. HP: 45/49 MP: 6/6
  3074 | D:3      | Found a glowing golden altar of the Shining One.
  3217 | D:3      | Reached skill level 5 in Shields
  3443 | D:3      | Noticed Robin
  3475 | D:3      | Killed Robin
  3976 | D:4      | Killed from afar by an orc wizard

Vault maps used:
D:1:      erik_arrival_orb_chamber
D:2:      zin_statuary
D:3:      kennysheep_goblin_castle, grunt_temple_overflow_champion_of_chaos,
          nicolae_overflow_crystal_walls, first_bread
D:4:      minmay_temple_entry_trees

Skill      XL: |  1  2  3  4  5  6 |
---------------+-------------------+-----
Shields        | 4 5 |  5.0
Long Blades    | 3 4 |  4.0
Armour         | 4 |  4.8
Fighting       | 4 |  4.8

Action                   |  1- 3 |  4- 6 || total
-------------------------+-------+-------++-------
Melee: Long sword        |   121 |   354 ||   475
  Use: Potion            |       |     1 ||     1
  Eat: Chunk             |     1 |    10 ||    11
Armor: Scale mail        |    35 |       ||    35
       Plate armour      |    34 |   280 ||   314
Dodge: Dodged            |    33 |    90 ||   123
Block: Shield            |    68 |   266 ||   334
